 Dungeon Crawl Stone Soup version 0.18-a0-1677-g2bdad6c (webtiles) character file.

144 splatfactory the Skirmisher (level 5, -2/41 HPs)
             Began as a Demonspawn Wanderer on Apr 2, 2016.
             Slain by a gnoll
             ... wielding a +0 flail
              (13 damage)
             ... on level 3 of the Dungeon.
             The game lasted 00:05:53 (2470 turns).

splatfactory the Skirmisher (Demonspawn Wanderer)   Turns: 2470, Time: 00:05:54

Health: -2/41      AC:  6    Str: 10    XL:     5   Next: 5%
Magic:  9/9        EV: 10    Int: 15    God:
Gold:   141        SH:  0    Dex: 16    Spells: 0 memorised, 10 levels left

rFire  . . .     SeeInvis .     u - +0 hand axe
rCold  . . .     Gourm    .     l - +0 leather armour (curse)
rNeg   . . .     Faith    .     (no shield)
rPois  +         Spirit   .     h - +0 helmet
rElec  .         Dismiss  .     x - +0 cloak
rCorr  .         Reflect  .     g - +0 pair of gloves
SustAt .         Harm     .     (no boots)
MR     .....                    (no amulet)
Stlth  ++........               (no ring)
                                y - ring of poison resistance

@: not resistant to hostile enchantments, unstealthy
A: thin skeletal structure 1, powered by death 2
a: no special abilities


You were on level 3 of the Dungeon.
You were hungry.

You visited 1 branch of the dungeon, and saw 3 of its levels.

You collected 141 gold pieces.

Inventory:

Hand Weapons
 a - a +2 dagger
 c - a +0 spear
 u - a +0 hand axe (weapon)
Armour
 e - a +0 robe
 g - a +0 pair of gloves (worn)
 h - a +0 helmet (worn)
 l - a cursed +0 leather armour (worn)
 x - a +0 cloak (worn)
Jewellery
 y - a ring of poison resistance (left hand)
Scrolls
 i - 2 scrolls of teleportation {unknown}
 k - a scroll of enchant weapon {unknown}
 n - a scroll of remove curse {unknown}
 q - 3 scrolls of identify {unknown}
 t - a scroll of recharging {unknown}
 v - 2 scrolls of amnesia {unknown}
 w - a scroll of immolation {unknown}
 C - a scroll of fear {unknown}
Potions
 b - 2 potions of heal wounds
 d - 3 potions of curing
 j - 3 potions of degeneration {unknown}
 m - 4 potions of agility {unknown}
 p - a potion of resistance {unknown}
 r - a potion of invisibility {unknown}
 z - a potion of lignification {unknown}
 A - 2 potions of might {unknown}
Books
 s - a book of Cantrips

   Spells                             Type                      Level
   a - Corona                         Hexes                        1
   b - Animate Skeleton               Necromancy                   1
   c - Summon Small Mammal            Summoning                    1
   d - Apportation                    Translocation                1
Comestibles
 f - 2 bread rations
 o - a meat ration
 B - a beef jerky
 D - a fruit


   Skills:
 - Level 3.2 Fighting
 + Level 3.1 Axes
 - Level 1.7 Armour
 - Level 1.0 Stealth
 - Level 3.0 Spellcasting
   Level 1.7 Earth Magic
   Level 1.0 Evocations


You had 10 spell levels left.
You didn't know any spells.

Dungeon Overview and Level Annotations

Branches:
Dungeon (3/15)

Altars:


Innate Abilities, Weirdness & Mutations

You have a somewhat thin skeletal structure (Dex +2, Stealth).
You regenerate health from kills.


Message History

The gnoll hits you from afar with a halberd.
* * * LOW HITPOINT WARNING * * *
The gnoll completely misses you.
You are too injured to fight recklessly!
You are too injured to fight recklessly!
Unknown command.
You are too injured to fight recklessly!
Unknown command.
You are too injured to fight recklessly!
You hit the gnoll.
The gnoll is almost dead.
You hit the hobgoblin.
The hobgoblin is almost dead.
You barely miss the gnoll.
The gnoll is heavily wounded.
The hobgoblin hits you.
* * * LOW HITPOINT WARNING * * *
The gnoll hits you but does no damage. The gnoll barely misses you.
The gnoll hits you with a flail!
You die...

###.# #......# ##...#
#......# #.†### #.###.##
#.## #.# .. ##### #.#
#.# #......## #.######
#.# ##....!##
.......###.## #.......#
..####......####.).....#
.##...####...(..@g.....#
###...##†...###.gg....##
# #.........# ###g....#
# #...##....# ......# #
#...####### ......# #
#...# ......# # #...#
.....## # #...# #...## #
#...#


You could see 3 gnolls and a hobgoblin.

Vanquished Creatures
  Ijyb (D:2)
  3 adders
  An ooze (D:3)
  A worm (D:3)
  A giant gecko (D:3)
  5 orcs (D:3)
  A ball python (D:3)
  8 bats
  6 giant cockroaches
  17 goblins
  6 hobgoblins
  7 jackals
  7 kobolds
  A quokka (D:3)
  2 giant newts (D:3)
  5 rats
72 creatures vanquished.

Notes
Turn   | Place    | Note
--------------------------------------------------------------
     0 | D:1      | splatfactory the Demonspawn Wanderer began the quest for the Orb.
     0 | D:1      | splatfactory set off with: a +2 dagger, a potion of heal wounds, a +0 spear, a potion of curing, a +0 robe, a bread ration
     0 | D:1      | Reached XP level 1. HP: 15/15 MP: 4/4
   381 | D:1      | Gained mutation: You regenerate a little health from kills. [demonic ancestry]
   381 | D:1      | Reached XP level 2. HP: 21/22 MP: 6/6
  1023 | D:2      | Reached XP level 3. HP: 29/29 MP: 7/7
  1510 | D:2      | Reached skill level 1 in Axes
  1942 | D:2      | Noticed Ijyb
  1978 | D:2      | Killed Ijyb
  1978 | D:2      | Gained mutation: You have a somewhat thin skeletal structure (Dex +2, Stealth). [demonic ancestry]
  1978 | D:2      | Reached XP level 4. HP: 25/35 MP: 8/8
  2368 | D:3      | Gained mutation: You regenerate health from kills. [demonic ancestry]
  2368 | D:3      | Reached XP level 5. HP: 41/41 MP: 9/9
  2470 | D:3      | Slain by a gnoll

Vault maps used:
D:1:      co_arrival_hall_of_pillars, supply_closet_lemuel,
          minmay_misc_feat_doors, feat_on_display
D:2:      kennysheep_goblin_castle, hex_medium

Skill      XL: |  1  2  3  4 |
---------------+-------------+-----
Fighting       | 2 3 |  3.2
Axes           | 2 3 |  3.1
Armour         | |  1.7
Stealth        | |  1.0
Spellcasting   | |  3.0
Earth Magic    | |  1.7
Evocations     | |  1.0

Action                   |  1- 3 |  4- 6 || total
-------------------------+-------+-------++-------
Melee: Dagger            |   162 |       ||   162
       Hand axe          |    36 |   112 ||   148
 Stab: Sleeping          |     1 |     2 ||     3
  Eat: Chunk             |     3 |     2 ||     5
